 Dungeon Crawl Stone Soup version 0.23.2-40-g277498a001 (webtiles) character file.

Game seed: 12905206362117752796

124 Kostasan the Cudgeler (level 4, 0/41 HPs)
             Began as a Minotaur Berserker on Oct 2, 2019.
             Was a Priest of Trog.
             Blown up by Ijyb (22 damage)
             ... with a wand of disintegration (14)
             ... on level 3 of the Dungeon.
             The game lasted 00:04:13 (1784 turns).

Kostasan the Cudgeler (Minotaur Berserker)          Turns: 1784, Time: 00:04:14

Health: 0/41       AC:  9    Str: 22    XL:     4   Next: 81%
Magic:  3/3        EV:  8    Int:  4    God:    Trog [***...]
Gold:   106        SH:  0    Dex: 10    Spells: 3/3 levels left

rFire    . . .     SeeInvis .   h - +1 long sword (holy)
rCold    . . .     Gourm    .   (no shield)
rNeg     . . .     Faith    .   k - +0 chain mail (curse)
rPois    .         Spirit   .   (helmet restricted)
rElec    .         Reflect  .   (no cloak)
rCorr    .         Harm     .   (no gloves)
MR       .....                  (no boots)
Stlth    ..........             (no amulet)
HPRegen  0.13/turn              (no ring)
MPRegen  0.08/turn              (no ring)

@: no status effects
A: retaliatory headbutt, horns 2
a: Berserk, Trog's Hand, Renounce Religion


You were on level 3 of the Dungeon.
You worshipped Trog.
Trog was most pleased with you.
You were not hungry.

You visited 1 branch of the dungeon, and saw 3 of its levels.

You collected 106 gold pieces.

Inventory:

Hand Weapons
 a - a +0 mace
 h - a +1 long sword of holy wrath (weapon)
Armour
 k - a cursed +0 chain mail (worn)
 t - a +0 scale mail
Scrolls
 b - a scroll of fog {unknown}
 d - 2 scrolls of enchant armour {unknown}
 e - 2 scrolls of identify {unknown}
 f - a scroll of blinking {unknown}
 j - a scroll of amnesia {unknown}
 l - a scroll of teleportation {unknown}
 m - a scroll of immolation {unknown}
 p - a scroll of random uselessness {unknown}
 q - a scroll of magic mapping {unknown}
 s - a scroll of enchant weapon {unknown}
Potions
 g - a potion of degeneration {unknown}
 i - a potion of magic {unknown}
 o - a potion of brilliance {unknown}
 r - a potion of lignification {unknown}
 u - 2 potions of curing {unknown}
 v - a potion of invisibility {unknown}
Comestibles
 c - 5 rations
 n - 12 chunks of flesh


   Skills:
 + Level 4.5 Fighting
 * Level 5.3 Maces & Flails
 + Level 3.6 Armour
 - Level 2.3 Dodging


You had 3 spell levels left.
You didn't know any spells.
Your spell library was empty.

Dungeon Overview and Level Annotations

Branches:
Dungeon (3/15)

Altars:
Cheibriados
Fedhas
Hepliaklqana
Kikubaaqudgha
Okawaru
Qazlal
Sif Muna
Trog
Vehumet
Xom

Annotations:
D:3 Ijyb


Innate Abilities, Weirdness & Mutations

You reflexively headbutt those who attack you in melee.
You have a pair of horns on your head.


Message History

You kill the rat!
Trog accepts your kill.
No target in view!
No target in view!
Ijyb the Twisted Goblin comes into view.
She is carrying a wand of disintegration (15).
Ijyb shouts!
Ijyb closely misses you. You furiously retaliate!
You headbutt Ijyb! You closely miss Ijyb.
Ijyb is heavily wounded.
A goblin comes into view. It is wielding a +0 club.
Ijyb hits you but does no damage. x2
You barely miss Ijyb.
Ijyb is heavily wounded.
The goblin shouts!
Ijyb hits you but does no damage.
Your chain mail prevents you from hitting Ijyb.
Ijyb is heavily wounded.
Ijyb zaps a wand.
You are blasted!
Ijyb zaps a wand.
You are blasted!
Ouch! That really hurt!
You die...

...... .........# ......
........# # ......
........# . ......
........# ......
#.......# ###......
#........ ...##'##
#gg..$... .#..#..#
##@......#
###..#.########...######
##...##...#...###
###............# #
##.#.........# #
#...........#
########'##########
#..........#
#..........#


You could see Ijyb and a goblin.

Vanquished Creatures
  3 adders
  An ooze (D:2)
  2 worms (D:3)
  4 dart slugs (D:1)
  2 leopard geckos
  4 orcs (D:3)
  2 ball pythons
  4 giant cockroaches
  8 goblins
  9 hobgoblins
  9 jackals (D:3)
  2 quokkas
  6 bats
  6 frilled lizards
  3 kobolds (D:1)
  4 rats
69 creatures vanquished.

Notes
Turn   | Place    | Note
-------+----------+-------------------------------------------
     0 | D:1      | Kostasan the Minotaur Berserker began the quest for the
                  | Orb.
     0 | D:1      | Reached XP level 1. HP: 19/19 MP: 0/0
    49 | D:1      | Reached XP level 2. HP: 27/27 MP: 1/1
   125 | D:1      | Reached skill level 4 in Maces & Flails
   265 | D:1      | Reached XP level 3. HP: 33/33 MP: 2/2
   281 | D:1      | Reached ** piety under Trog
   896 | D:2      | Found a shimmering altar of Xom.
   896 | D:2      | Found an iron altar of Okawaru.
   897 | D:2      | Found a bloodstained altar of Trog.
   939 | D:2      | Found a deep blue altar of Sif Muna.
  1054 | D:2      | Found a stormy altar of Qazlal.
  1118 | D:2      | Found a snail-covered altar of Cheibriados.
  1118 | D:2      | Found a radiant altar of Vehumet.
  1119 | D:2      | Found a hazy altar of Hepliaklqana.
  1219 | D:2      | Found an ancient bone altar of Kikubaaqudgha.
  1462 | D:3      | Reached XP level 4. HP: 37/41 MP: 3/3
  1463 | D:3      | Reached skill level 5 in Maces & Flails
  1564 | D:3      | Found a blossoming altar of Fedhas.
  1708 | D:3      | Reached *** piety under Trog
  1778 | D:3      | Noticed Ijyb
  1784 | D:3      | Blown up by Ijyb

Skill      XL: |  1  2  3  4 |
---------------+-------------+-----
Maces & Flails | 4 5 |  5.3
Fighting       | 4 |  4.5
Armour         | 3 |  3.6
Dodging        | |  2.3

Action                   |  1- 3 |  4- 6 || total
-------------------------+-------+-------++-------
Melee: Mace              |    46 |       ||    46
       Headbutt          |    11 |    11 ||    22
       Long sword        |    26 |    47 ||    73
  Eat: Chunk             |     2 |     1 ||     3
Armor: Animal skin       |    12 |       ||    12
       Chain mail        |    11 |    45 ||    56
       Ring mail         |     6 |       ||     6
Dodge: Dodged            |    51 |    26 ||    77
       Rpst.: Long sword |     5 |     4 ||     9
